 Dungeon Crawl Stone Soup version 0.21-a0-203-gb066a6e (webtiles) character file.

24287 George the Cleaver (level 13, 0/122 HPs)
             Began as a Hill Orc Fighter on Aug 19, 2017.
             Was a High Priest of Makhleb.
             Slain by a skeletal warrior
             ... wielding a +0 dire flail
             ... led by a skeletal warrior
              (9 damage)
             ... on level 12 of the Dungeon.
             The game lasted 00:29:25 (12308 turns).

George the Cleaver (Hill Orc Fighter)              Turns: 12308, Time: 00:29:26

Health: 0/122      AC: 21    Str: 23    XL:     13   Next: 12%
Magic:  0/23       EV:  6    Int:  8    God:    Makhleb [*****.]
Gold:   674        SH: 11    Dex: 14    Spells: 2/12 levels left

rFire    . . .     SeeInvis .   Q - +1 war axe (vamp)
rCold    . . .     Gourm    +   c - +1 shield
rNeg     . . .     Faith    .   K - +2 plate armour {rPois}
rPois    +         Spirit   +   s - +2 hat
rElec    .         Reflect  .   g - scarf {Spirit}
rCorr    .         Harm     .   a - +0 pair of gloves (curse)
MR       .....                  (no boots)
Stlth    ..........             M - amulet of the gourmand (curse)
HPRegen  0.30/turn              q - +3 ring of dexterity
MPRegen  0.18/turn              B - +1 ring of evasion

@: no status effects
A: no striking features
a: Minor Destruction, Lesser Servant of Makhleb, Major Destruction, Greater
Servant of Makhleb, Renounce Religion


You were on level 12 of the Dungeon.
You worshipped Makhleb.
Makhleb was extremely pleased with you.
You were hungry.

You visited 1 branch of the dungeon, and saw 12 of its levels.
You also visited: Sewer.

You collected 674 gold pieces.

Inventory:

Hand Weapons
 H - a +4 war axe
 Q - a +1 vampiric war axe (weapon)
 S - a +2 dire flail of crushing
Missiles
 E - a throwing net (quivered)
Armour
 a - a cursed +0 pair of gloves (worn)
 c - a +1 shield (worn)
 g - a scarf of spirit shield (worn)
 s - a +2 hat (worn)
 K - a +2 plate armour of poison resistance (worn)
Jewellery
 q - a +3 ring of dexterity (left hand)
 B - a +1 ring of evasion (right hand)
 F - an uncursed ring of ice
 M - a cursed amulet of the gourmand (around neck)
Wands
 n - a wand of iceblast (0/15)
 G - a wand of random effects (20/48)
 L - a wand of iceblast (4/15)
Scrolls
 b - 3 scrolls of enchant armour
 j - 9 scrolls of teleportation
 k - a scroll of immolation
 o - 3 scrolls of remove curse {unknown}
 r - 2 scrolls of blinking
 w - a scroll of acquirement {unknown}
 x - a scroll of vulnerability {unknown}
 y - 3 scrolls of magic mapping {unknown}
 C - 3 scrolls of random uselessness {unknown}
 D - a scroll of noise {unknown}
 I - a scroll of fear
 O - a scroll of enchant weapon {unknown}
Potions
 d - a potion of might
 e - 2 potions of lignification
 h - a potion of heal wounds
 l - 3 potions of mutation
 m - 9 potions of curing
 p - 2 potions of berserk rage
 u - 5 potions of brilliance
 v - a potion of haste
 A - 2 potions of agility
 J - a potion of flight {unknown}
 N - a potion of magic {unknown}
 P - a potion of cancellation {unknown}
 R - a potion of ambrosia {unknown}
Comestibles
 f - 8 bread rations
 i - 17 fruits
 t - 2 meat rations
 z - 6 royal jellies


   Skills:
 + Level 13.0 Fighting
 + Level 14.6 Axes
 + Level 12.0 Armour
 - Level 3.2 Shields
 + Level 13.3 Invocations


You had 2 spell levels left.
You knew the following spells:

 Your Spells              Type           Power        Failure   Level  Hunger
a - Song of Slaying       Chrm           #.......     100%        2    ###....
b - Regeneration          Chrm/Necr      #.........   100%        3    ####...
c - Spectral Weapon       Hex/Chrm       #.......     100%        3    ####...
d - Shroud of Golubria    Chrm/Tloc      #.........   100%        2    ###....


Dungeon Overview and Level Annotations

Branches:
Dungeon (12/15)            Temple (0/1) D:6            Lair (0/6) D:8
    Orc (0/2) D:10

Altars:
Elyvilon
Fedhas
Hepliaklqana
Makhleb
Ru
Sif Muna
Trog
Uskayaw
Yredelemnul
Zin

Shops:
D:5 *   D:6 ?

Annotations:
D:12 4 runed doors


Message History

You hit the skeletal warrior.
The skeletal warrior is severely damaged.
The skeletal warrior hits you but does no damage.
You hit the skeletal warrior.
The skeletal warrior is almost destroyed.
You hit the skeletal warrior.
The skeletal warrior is almost destroyed.
The skeletal warrior hits you with a dire flail.
* * * LOW HITPOINT WARNING * * *
You closely miss the skeletal warrior.
The skeletal warrior is almost destroyed.
The skeletal warrior hits you with a dire flail.
* * * LOW HITPOINT WARNING * * *
You hit the skeletal warrior.
The skeletal warrior is almost destroyed.
You block the skeletal warrior's attack.
You barely miss the skeletal warrior.
The skeletal warrior is almost destroyed.
The skeletal warrior hits you with a dire flail!
You die...

.............# #..# #.#.#.###
.............# ##.###z.<....#
.............# #..z......#.#
.............# #..##.#.#.#.#
......)......#######..##.#...#.#
...............z...z.(...#...#.#
.............#######...........##
.............#######.#.###.......
.......[........@zy......#..#####
.........[....######.#...#.....#
..............######.((..#.....#
..............#.....##......####
..........†...#.###.###..#.......
..............# #.# #..########
..............# #.# #...[oo5...
..............# #.....>##.zz..#
####.##.##.##.# #########o....#


You could see a skeletal warrior and a vampire mosquito.

Vanquished Creatures
  An orc warlord (D:11)
  Fannar (D:10)
  4 two-headed ogres
  The ghost of p0werm0de the Fighter, a novice DgNe (D:8)
  Nergalle (D:12)
  4 skeletal warriors
  2 unseen horrors
  A deep elf mage (D:12)
  2 ugly things (D:11)
  2 cyclopes (D:12)
  A centaur zombie (D:12)
  A gargoyle (D:11)
  Joseph (D:10)
  2 trolls
  5 slime creatures
  3 hippogriffs
  A wraith (D:10)
  A shadow (D:12)
  A human (D:7)
  6 yaks
  4 hogs (D:7)
  4 hungry ghosts
  A vampire mosquito (D:10)
  3 water moccasins
  3 porcupines (D:7)
  2 floating eyes (D:10)
  5 black bears
  10 orc warriors
  2 eyes of draining (D:12)
  4 sky beasts
  A hornet zombie (D:10)
  3 ice beasts
  Purgy (Sewer)
  A necrophage (D:10)
  2 phantoms (D:10)
  5 ogres
  4 centaurs
  2 crocodiles
  3 big kobolds
  8 bullfrogs
  A killer bee (D:10)
  4 scorpions
  A troll zombie (D:10)
  12 wights
  4 howler monkeys
  4 crimson imps
  4 hounds
  A quasit (D:8)
  4 bullfrog zombies
  A centaur skeleton (D:4)
  2 bullfrog skeletons
  4 orc priests
  17 orc wizards
  A jelly (D:7)
  6 iguanas
  Ijyb (D:4)
  13 worker ants
  7 ogre zombies (D:10)
  A hound skeleton (D:5)
  A worker ant zombie (D:6)
  14 adders
  4 river rats (D:3)
  2 shadow imps
  3 oozes
  An adder skeleton (D:6)
  3 worms (D:3)
  3 leopard geckos
  40 orcs
  4 ball pythons
  5 giant cockroaches
  5 goblins
  4 hobgoblins
  4 jackals (D:1)
  3 quokkas
  7 bats
  5 frilled lizards
  A goblin skeleton (D:10)
  A goblin zombie (D:10)
  2 hobgoblin skeletons (D:10)
  3 hobgoblin zombies (D:10)
  A jackal zombie (D:5)
  14 kobolds
  A leopard gecko skeleton (D:7)
  An orc skeleton (D:10)
  17 orc zombies (D:10)
  13 rats
  A plant (D:8)
360 creatures vanquished.

Vanquished Creatures (collateral kills)
  Erolcha (D:10)
  An ice beast (D:11)
2 creatures vanquished.

Vanquished Creatures (others)
  4 fungi (D:8)
  A plant (D:8)
5 creatures vanquished.

Grand Total: 367 creatures vanquished

Notes
Turn   | Place    | Note
-------+----------+-------------------------------------------
     0 | D:1      | George the Hill Orc Fighter began the quest for the Orb.
     0 | D:1      | Reached XP level 1. HP: 19/19 MP: 1/1
    12 | D:1      | Reached skill level 3 in Axes
    23 | D:1      | Reached XP level 2. HP: 6/26 MP: 2/2
   396 | D:1      | Reached skill level 4 in Axes
   600 | D:1      | Reached XP level 3. HP: 31/31 MP: 3/3
   813 | D:2      | Found a burning altar of Makhleb.
   820 | D:2      | Reached skill level 5 in Axes
   820 | D:2      | Reached XP level 4. HP: 27/39 MP: 1/4
   964 | D:2      | Found a glowing silver altar of Zin.
   990 | D:2      | Found a hazy altar of Hepliaklqana.
  1013 | D:2      | Found a blossoming altar of Fedhas.
  1031 | D:2      | Found a hide-covered altar of Uskayaw.
  1159 | D:2      | Reached skill level 6 in Axes
  1547 | D:2      | Found a sacrificial altar of Ru.
  1604 | D:2      | Became a worshipper of Makhleb the Destroyer
  1781 | D:3      | Reached skill level 1 in Invocations
  1781 | D:3      | Reached XP level 5. HP: 44/46 MP: 5/5
  1853 | D:3      | Found a glowing drain.
  1858 | Sewer    | Entered a sewer
  1883 | Sewer    | Noticed Purgy
  1898 | Sewer    | Killed Purgy
  1898 | Sewer    | Reached skill level 7 in Axes
  1898 | Sewer    | Reached XP level 6. HP: 36/52 MP: 5/8
  2212 | D:3      | Reached * piety under Makhleb
  2505 | D:4      | Noticed Ijyb
  2526 | D:4      | Killed Ijyb
  2526 | D:4      | Reached XP level 7. HP: 60/60 MP: 9/9
  2643 | D:4      | Reached skill level 5 in Fighting
  3046 | D:5      | Entered Level 5 of the Dungeon
  3091 | D:5      | Found Boidafoy's Elemental Accessories.
  3097 | D:5      | Reached skill level 5 in Armour
  3206 | D:5      | Found a bloodstained altar of Trog.
  3286 | D:5      | Reached skill level 8 in Axes
  3415 | D:5      | Reached XP level 8. HP: 65/69 MP: 11/11
  3620 | D:6      | Reached skill level 5 in Invocations
  3800 | D:6      | Found a staircase to the Ecumenical Temple.
  3889 | D:6      | Reached ** piety under Makhleb
  4039 | D:6      | Reached skill level 9 in Axes
  4074 | D:6      | Found Ruahen's Magic Scroll Shop.
  4260 | D:6      | Reached XP level 9. HP: 79/79 MP: 13/13
  4605 | D:7      | Reached skill level 10 in Axes
  5133 | D:8      | Noticed p0werm0de's ghost (novice DgNe)
  5155 | D:7      | Reached XP level 10. HP: 22/90 MP: 5/16
  5529 | D:8      | Killed p0werm0de's ghost
  5529 | D:8      | Reached skill level 11 in Axes
  5639 | D:8      | Found a staircase to the Lair.
  5921 | D:8      | Reached *** piety under Makhleb
  5958 | D:8      | Found a deep blue altar of Sif Muna.
  6207 | D:8      | Noticed a two-headed ogre
  6220 | D:8      | Killed a two-headed ogre
  6250 | D:8      | Found a white marble altar of Elyvilon.
  6256 | D:8      | Learned a level 2 spell: Song of Slaying
  6260 | D:8      | Learned a level 3 spell: Regeneration
  6264 | D:8      | Learned a level 3 spell: Spectral Weapon
  6350 | D:8      | Found a basalt altar of Yredelemnul.
  6994 | D:9      | Reached skill level 10 in Fighting
  6999 | D:9      | Reached skill level 10 in Invocations
  7074 | D:9      | Reached XP level 11. HP: 85/99 MP: 15/18
  7174 | D:9      | Reached skill level 12 in Axes
  7489 | D:10     | Entered Level 10 of the Dungeon
  7564 | D:10     | Noticed a two-headed ogre
  7572 | D:10     | Killed a two-headed ogre
  7628 | D:10     | Noticed Joseph
  7647 | D:10     | Reached **** piety under Makhleb
  7666 | D:10     | Killed Joseph
  7734 | D:10     | Found a staircase to the Orcish Mines.
  7912 | D:10     | Reached ***** piety under Makhleb
  7929 | D:10     | Noticed Fannar
  7950 | D:10     | Reached skill level 10 in Armour
  7960 | D:10     | Killed Fannar
  8087 | D:10     | Noticed Erolcha
  8121 | D:10     | Paralysed by something for 6 turns
  8145 | D:10     | Paralysed by Erolcha for 7 turns
  8147 | D:10     | Killed Erolcha
  8836 | D:11     | Reached skill level 13 in Axes
  9170 | D:11     | Killed an unseen horror
  9334 | D:12     | Noticed a white ugly thing
  9343 | D:11     | Reached XP level 12. HP: 102/110 MP: 17/20
  9885 | D:12     | Found a large runed door.
  9900 | D:12     | Found a large runed door.
 10026 | D:12     | Identified the Collected Works on Confrontation
 10047 | D:12     | Noticed a two-headed ogre
 10055 | D:12     | Killed a two-headed ogre
 10151 | D:12     | Found a large runed door.
 10151 | D:12     | Found a large runed door.
 10198 | D:12     | Noticed a two-headed ogre
 10219 | D:12     | Killed a two-headed ogre
 10322 | D:12     | Noticed Nergalle
 10347 | D:12     | Killed Nergalle
 10604 | D:12     | Reached skill level 14 in Axes
 10643 | D:12     | Noticed an orc warlord
 11194 | D:11     | Killed an orc warlord
 11227 | D:11     | Learned a level 2 spell: Shroud of Golubria
 11749 | D:12     | Reached XP level 13. HP: 57/119 MP: 8/22
 12308 | D:12     | Slain by a skeletal warrior

Vault maps used:
D:1:      onia_arrival_mini_spirals, serial_bayou_lake_a
D:2:      lemuel_coloured_pillars_altar, nicolae_overflow_quartered_altars,
          makhleb_heckhound_becter
D:3:      lightli_sewer_entry_pipes
D:4:      corexii_corridor_pit, lemuel_flame_loot_1, uniq_ijyb
D:5:      nicolae_overflow_crystal_walls, first_bread, hex_large, dk_vineyard_2,
          nicolae_elemental_shop
D:6:      minmay_temple_entry_hall, serial_shops, shop_scrolls
D:7:      grunt_livestock
D:8:      elyvilon_altar_5, nicolae_overflow_hidden_temple,
          due_lair_maze_entry_diamond, basic_altar
D:10:     zombieorc2_lemuel, onia_ninara_cookie, uniq_erolcha, uniq_joseph,
          uniq_fannar
D:12:     orc_temple, minmay_hollow_rounded_squares, uniq_nergalle
Sewer:    sewer_co_purgy_island

Skill      XL: |  1  2  3  4  5  6  7  8  9 10 11 12 13 |
---------------+----------------------------------------+-----
Axes           | 3 4 5 6 7 8 9 10 11 13 14 | 14.6
Invocations    | 1 3 4 6 8 10 11 13 | 13.3
Fighting       | 4 5 7 8 10 11 12 13 | 13.0
Armour         | 4 5 6 7 9 10 11 12 | 12.0
Shields        | |  3.2

Action                   |  1- 3 |  4- 6 |  7- 9 | 10-12 | 13-15 || total
-------------------------+-------+-------+-------+-------+-------++-------
Melee: War axe           |    78 |   195 |   446 |   939 |    89 ||  1747
Invok: Lesser Servant of |       |       |       |     4 |       ||     4
Evoke: Wand              |       |       |       |     5 |       ||     5
  Use: Scroll            |       |    10 |     1 |     3 |       ||    14
       Potion            |       |       |     1 |     6 |       ||     7
 Stab: Sleeping          |       |     1 |       |       |       ||     1
  Eat: Chunk             |       |     6 |    12 |    26 |       ||    44
       Fruit             |       |       |       |     3 |       ||     3
       Meat ration       |       |       |       |     1 |       ||     1
Armor: Scale mail        |    59 |    75 |       |       |       ||   134
       Plate armour      |       |    16 |   235 |   460 |    19 ||   730
       Troll leather arm |       |    11 |       |       |       ||    11
Dodge: Dodged            |    32 |    54 |    59 |   135 |     4 ||   284
Block: Shield            |    52 |   110 |   196 |   455 |    14 ||   827
